 Dungeon Crawl Stone Soup version 0.19-a0-412-gd94e72f (webtiles) character file.

17171 Ihatecarrots00 the Protected (level 12, -5/110 HPs)
             Began as a Minotaur Berserker on May 19, 2016.
             Was a High Priest of Trog.
             Slain by a death yak (16 damage)
             ... on level 5 of the Lair of Beasts on May 31, 2016.
             The game lasted 01:12:03 (15266 turns).

Ihatecarrots00 the Protected (Minotaur Berserker)  Turns: 15266, Time: 01:12:09

Health: -5/110     AC: 22    Str: 28    XL:     12   Next: 16%
Magic:  11/11      EV: 11    Int:  6    God:    Trog [*****.]
Gold:   488        SH:  0    Dex: 11    Spells: 0 memorised, 11 levels left

rFire  . . .     SeeInvis .     M - +6 morningstar of Leisip {speed, Str+2}
rCold  . . .     Gourm    .     O - +0 plate armour
rNeg   . . .     Faith    .     (no shield)
rPois  .         Spirit   .     V - +0 hat {MR+}
rElec  .         Dismiss  .     u - +2 cloak
rCorr  .         Reflect  .     y - +1 pair of gloves
SustAt .         Harm     .     (no boots)
MR     +....                    B - amulet of regeneration
Stlth  ..........               (no ring)
                                p - +2 ring of intelligence

@: lethally poisoned (-5 -> -5), exhausted, slowed, very slow, somewhat
resistant to hostile enchantments, extremely unstealthy
A: retaliatory headbutt, horns 2
a: Berserk, Trog's Hand, Brothers in Arms, Burn Spellbooks, Renounce Religion


You were on level 5 of the Lair of Beasts.
You worshipped Trog.
Trog was extremely pleased with you.
You were not hungry.

You visited 2 branches of the dungeon, and saw 13 of its levels.

You collected 663 gold pieces.
You spent 175 gold pieces at shops.

Inventory:

Hand Weapons
 o - a cursed -1 double sword
 w - a +5 hand axe of venom
 M - the +6 morningstar of Leisip (weapon) {speed, Str+2}
   (You found it on level 5 of the Dungeon)

   Attacks with this weapon are significantly faster.
   It affects your strength (+2).
 S - a +2 great mace of holy wrath
Armour
 b - a +0 animal skin
 g - a +0 scale mail
 r - a +0 buckler
 u - a +2 cloak (worn)
 y - a +1 pair of gloves (worn)
 O - a +0 plate armour (worn)
 V - a +0 hat of magic resistance (worn)
Jewellery
 p - a +2 ring of intelligence (left hand)
 B - an amulet of regeneration (around neck)
 T - an uncursed ring of sustain attributes
Wands
 f - a wand of lightning (10/15)
 v - a wand of random effects (37/48)
 A - a wand of disintegration (20/24)
 E - a wand of enslavement (9/24)
 X - a wand of flame (33/48)
Scrolls
 a - 2 scrolls of fear
 e - 2 scrolls of teleportation
 l - 2 scrolls of identify
 G - a scroll of fog
 I - a scroll of remove curse
 L - a scroll of silence
 Z - a scroll of recharging
Potions
 d - 2 potions of magic
 h - 2 potions of haste
 i - 3 potions of mutation {unknown}
 j - 4 potions of flight {unknown}
 m - a potion of curing {unknown}
 n - 4 potions of agility
 q - 6 potions of degeneration {unknown}
 s - 3 potions of might
 x - a potion of heal wounds
 C - a potion of invisibility {unknown}
 F - 2 potions of brilliance {unknown}
 J - a potion of resistance {unknown}
 N - a potion of cancellation
 R - 2 potions of berserk rage {unknown}
Comestibles
 c - 3 bread rations
 k - 6 meat rations
 t - 2 beef jerkies
 K - 2 royal jellies
 P - a slice of pizza
 W - 13 fruits


   Skills:
 + Level 11.6 Fighting
   Level 0.9 Short Blades
 + Level 6.3(10.3) Axes
 + Level 12.5(13.1) Maces & Flails
 + Level 13.3 Armour
 + Level 7.3 Dodging
 + Level 2.0 Stealth
 + Level 2.5 Shields


You had 11 spell levels left.
You didn't know any spells.

Dungeon Overview and Level Annotations

Branches:
Dungeon (8/15)             Temple (0/1) D:5            Lair (5/8) D:8
  Swamp (0/4) Lair:5
  Snake: Lair:3-6    Spider: Lair:3-6

Altars:
Cheibriados
Dithmenos
Fedhas
Gozag
Makhleb
Sif Muna
Yredelemnul

Shops:
D:6 (   D:7 }::


Innate Abilities, Weirdness & Mutations

You reflexively headbutt those who attack you in melee.
You have a pair of horns on your head.


Message History

You kill the death yak!
Trog accepts your kill. Something appears at your feet! Trog grants you a gift!
You feel sick.
The death yak gores you but does no damage.
You feel sick.
The death yak gores you but does no damage.
The death yak gores you!
* * * LOW HITPOINT WARNING * * *
The death yak closely misses you. You furiously retaliate!
You headbutt the death yak, but do no damage.
You bludgeon the death yak!!
The death yak is moderately wounded.
You feel sick.
The death yak gores you but does no damage.
The death yak closely misses you. You furiously retaliate!
You headbutt the death yak, but do no damage.
The death yak gores you!
You die...

########## .
##########.#....#.##### ..
###.#.#.##.##........<#.#
...###P.......#...'.........#
....P.......)@Y..##........##
<.........#YY###..........#
......
#.P.#....≈.##..........##
.....
###....♣♣≈≈♣P...........# ....
##...≈♣≈≈§≈.............#
.#.###
#....≈§≈§§♣♣..###..#.####
.....# ##..≈≈≈§§§§♣.P# #...##
PPP#.#####..≈≈≈§§§§≈..###....#
....###.....≈≈≈≈§≈≈≈...##P.###


You could see 3 death yaks.

Vanquished Creatures
  Gastronok (Lair:2)
  2 hydras
  A death yak (Lair:5)
  Nergalle (Lair:3)
  A griffon (Lair:5)
  A necromancer (Lair:4)
  2 elephants (Lair:5)
  4 black mambas
  A torpor snail (Lair:4)
  3 spiny frogs
  3 komodo dragons
  12 yaks
  4 humans (D:8)
  2 hippogriffs
  A mottled dragon (D:8)
  8 water moccasins
  5 porcupines
  An orc warrior (D:8)
  A sky beast (D:5)
  An ice beast (D:5)
  4 ogres
  A necrophage (D:6)
  6 wolves (Lair:4)
  A centaur (D:7)
  6 crocodiles
  7 giant frogs
  A scorpion (Lair:1)
  10 killer bees
  A howler monkey (D:5)
  3 crimson imps
  A quasit (D:6)
  3 orc priests
  2 giant frog skeletons
  A hound (D:7)
  A jelly (D:7)
  10 orc wizards
  5 iguanas
  A gnoll shaman (D:4)
  5 worker ants
  A polar bear simulacrum (Lair:4)
  3 yak simulacra (Lair:4)
  5 wolf simulacra (Lair:4)
  2 hound zombies
  A hound skeleton (D:3)
  3 gnolls (D:4)
  13 adders
  10 river rats (Lair:3)
  4 oozes
  An adder skeleton (D:4)
  4 worms
  5 dart slugs
  12 giant geckos
  21 orcs
  2 ball pythons
  11 bats
  3 giant cockroaches
  8 goblins
  8 hobgoblins
  14 jackals
  10 kobolds
  3 quokkas
  A giant gecko skeleton (D:6)
  7 giant newts
  A jackal skeleton (D:5)
  2 quokka zombies (D:6)
  8 rats
  A rat zombie (D:6)
  2 river rat simulacra (Lair:4)
  3 fungi
  5 plants
298 creatures vanquished.

Vanquished Creatures (others)
  A fungus (Lair:3)
  2 plants (Lair:3)
3 creatures vanquished.

Grand Total: 301 creatures vanquished

Notes
Turn   | Place    | Note
--------------------------------------------------------------
     0 | D:1      | Ihatecarrots00 the Minotaur Berserker began the quest for the Orb.
     0 | D:1      | Reached XP level 1. HP: 19/19 MP: 0/0
    38 | D:1      | Reached XP level 2. HP: 7/27 MP: 1/1
   599 | D:1      | Reached XP level 3. HP: 27/33 MP: 2/2
   634 | D:1      | Reached ** piety under Trog
  1288 | D:2      | Found a snail-covered altar of Cheibriados.
  1397 | D:2      | Reached XP level 4. HP: 9/41 MP: 3/3
  1405 | D:2      | HP: 2/41 [poisoned by an adder]
  1505 | D:2      | Found a basalt altar of Yredelemnul.
  1505 | D:2      | Found a deep blue altar of Sif Muna.
  2326 | D:3      | Reached *** piety under Trog
  2448 | D:3      | Reached XP level 5. HP: 47/47 MP: 4/4
  2906 | D:3      | Found a faded altar to an unknown god.
  2932 | D:3      | Found a burning altar of Makhleb.
  2957 | D:3      | Reached skill level 1 in Stealth
  3694 | D:4      | Reached skill level 1 in Axes
  3694 | D:4      | Reached XP level 6. HP: 55/55 MP: 5/5
  3719 | D:4      | Found a shadowy altar of Dithmenos.
  3731 | D:4      | Reached skill level 5 in Fighting
  3738 | D:4      | Reached skill level 5 in Dodging
  4459 | D:4      | Found a blossoming altar of Fedhas.
  4584 | D:5      | Entered Level 5 of the Dungeon
  4630 | D:5      | Reached skill level 3 in Armour
  4647 | D:5      | Reached skill level 4 in Armour
  4653 | D:5      | Reached XP level 7. HP: 35/61 MP: 6/6
  4707 | D:5      | Found a staircase to the Ecumenical Temple.
  4897 | D:5      | Got a transparent morningstar
  5829 | D:5      | Reached skill level 5 in Armour
  5898 | D:5      | Reached **** piety under Trog
  6102 | D:6      | Reached XP level 8. HP: 70/70 MP: 7/7
  6130 | D:6      | Found a sand-covered staircase.
  6386 | D:6      | Reached skill level 6 in Armour
  6386 | D:6      | Reached skill level 1 in Shields
  6477 | D:6      | Upgraded the game from 0.19-a0-151-g039907c to 0.19-a0-156-g2171a67
  6812 | D:6      | Found Uniojaq's Antique Weapon Boutique.
  7058 | D:6      | Bought a glowing great mace for 175 gold pieces
  7128 | D:7      | Reached skill level 5 in Axes
  7128 | D:7      | Reached skill level 7 in Armour
  7625 | D:7      | Identified the +6 morningstar of Leisip {speed, Str+2} (You found it on level 5 of the Dungeon)
  7655 | D:7      | Found Muqic's Gadget Emporium.
  7754 | D:7      | Found Fuarouph's Book Emporium.
  7814 | D:7      | Found Lyfip's Book Shop.
  7853 | D:7      | Found an opulent altar of Gozag.
  8285 | D:7      | Reached skill level 5 in Maces & Flails
  8285 | D:7      | Reached skill level 8 in Armour
  8486 | D:8      | Reached XP level 9. HP: 67/78 MP: 8/8
  8544 | D:8      | Reached skill level 9 in Armour
  8553 | D:8      | Reached ***** piety under Trog
  9763 | D:8      | Noticed a komodo dragon
  9763 | D:8      | Reached skill level 10 in Armour
  9775 | D:8      | Killed a komodo dragon
  9789 | D:8      | Found a staircase to the Lair.
 10128 | Lair:1   | Entered Level 1 of the Lair of Beasts
 10140 | Lair:1   | Reached XP level 10. HP: 88/88 MP: 9/9
 10277 | Lair:1   | Noticed a black mamba
 10285 | Lair:1   | Killed a black mamba
 10430 | Lair:1   | Noticed a spiny frog
 10435 | Lair:1   | Killed a spiny frog
 11413 | Lair:2   | Noticed a spiny frog
 11424 | Lair:2   | Killed a spiny frog
 11424 | Lair:2   | Reached skill level 11 in Armour
 11707 | Lair:2   | Noticed Gastronok
 11727 | Lair:2   | Killed Gastronok
 11727 | Lair:2   | Reached skill level 10 in Fighting
 11727 | Lair:2   | Reached skill level 10 in Maces & Flails
 11727 | Lair:2   | Reached XP level 11. HP: 70/100 MP: 10/10
 12424 | Lair:3   | Noticed Nergalle
 12449 | Lair:3   | Killed Nergalle
 13196 | Lair:3   | Reached skill level 12 in Armour
 14097 | Lair:4   | Upgraded the game from 0.19-a0-156-g2171a67 to 0.19-a0-412-gd94e72f
 14255 | Lair:4   | Noticed a six-headed hydra
 14482 | Lair:4   | Killed a six-headed hydra
 14842 | Lair:4   | Noticed a necromancer
 14848 | Lair:4   | Killed a necromancer
 14848 | Lair:4   | Reached skill level 13 in Armour
 15097 | Lair:5   | Noticed a griffon
 15110 | Lair:5   | Killed a griffon
 15122 | Lair:5   | Found a staircase to the Swamp.
 15222 | Lair:5   | Noticed a seven-headed hydra
 15228 | Lair:5   | Killed a seven-headed hydra
 15228 | Lair:5   | Reached XP level 12. HP: 83/110 MP: 11/11
 15258 | Lair:5   | Noticed a death yak
 15259 | Lair:5   | Noticed a death yak
 15259 | Lair:5   | Noticed a death yak
 15260 | Lair:5   | Noticed a death yak
 15261 | Lair:5   | Noticed a death yak
 15261 | Lair:5   | Noticed a death yak
 15264 | Lair:5   | Killed a death yak
 15264 | Lair:5   | Received a gift from Trog
 15266 | Lair:5   | Slain by a death yak

Vault maps used:
D:1:      dpeg_arrival_shelter, supply_closet_lemuel, minmay_misc_feat_cross
D:2:      overflow_temple_1_default, gammafunk_temple_overflow_pools,
          minmay_door_square
D:3:      old_standard_altar, ecumenical_altar_2
D:4:      lemuel_crystal_altar, nicolae_dithmenos_shadow_blocks, first_bread
D:5:      minmay_temple_entry_overgrown
D:6:      serial_shops, shop_statue, enter_ossuary_4
D:7:      grunt_gozag_statues, serial_shops, nicolae_shop_trees, shop_fountains,
          nicolae_shop_window_shopping
D:8:      erik_lair_dragon, minmay_ruffians
Lair:1:   minivault_25, st_stairs_13
Lair:2:   lemuel_fruit_tree, grunt_megastairs_5, uniq_gastronok
Lair:3:   serial_bayou_shore_a, uniq_nergalle
Lair:4:   eino_house_with_fridge, infiniplex_staircase_pool
Lair:5:   swamp_mist_pool, spider_nest_entry_web_field, pf_torpor_hydra,
          grunt_megastairs_3

Skill      XL: |  1  2  3  4  5  6  7  8  9 10 11 |
---------------+----------------------------------+-----
Maces & Flails | 4 5 7 10 12 | 12.5
Fighting       | 4 5 6 8 10 11 | 11.6
Dodging        | 3 4 5 6 7 |  7.3
Stealth        | 1 2 |  2.0
Axes           | 1 2 3 5 6 |  6.3
Armour         | 4 5 8 10 11 13 | 13.3
Shields        | 2 |  2.5
Short Blades   | |  0.9

Action                   |  1- 3 |  4- 6 |  7- 9 | 10-12 || total
-------------------------+-------+-------+-------+-------++-------
Melee: Mace              |    38 |    51 |       |       ||    89
       Headbutt          |    12 |    23 |    46 |    91 ||   172
       Short sword       |    58 |       |       |       ||    58
       Hand axe          |       |    78 |   103 |       ||   181
       Morningstar       |       |       |   141 |   349 ||   490
Invok: Berserk           |       |       |     1 |     2 ||     3
       Trog's Hand       |       |       |       |     1 ||     1
  Use: Potion            |       |     2 |       |     1 ||     3
       Scroll            |       |    14 |     7 |     5 ||    26
  Eat: Bread ration      |     1 |     3 |     1 |     3 ||     8
       Beef jerky        |       |     1 |       |     1 ||     2
       Meat ration       |       |       |     2 |       ||     2
       Chunk             |       |       |       |     1 ||     1
Armor: Animal skin       |    51 |    14 |       |       ||    65
       Scale mail        |       |    36 |     5 |       ||    41
       Plate armour      |       |       |   242 |   186 ||   428
Dodge: Dodged            |   101 |   101 |   176 |   160 ||   538
Block: Buckler           |       |    14 |    24 |       ||    38
